Map: Terraform LE (Void)

Players

SaturnSaturn

  • Race: Protoss Protoss
  • League: Grandmaster

wabbajack - Winner!

  • Race: Zerg Zerg
  • League: Grandmaster

VOD

Have the link to the VOD?

Description

Time

  • Played on: July 16, 2015, 11:41 a.m.
  • Length: 4:16
Show
View Real Time Build Order
Export as new Build Order

SaturnSaturn Protoss 

Build Orders:  

Get SALT Encoding   

  12  0:01  Probe  
  13  0:13  Probe  
  14  0:18  Pylon  
  14  0:36  Probe (Chrono Boost)  
  14  0:42  Gateway  
  15  0:45  Probe (Chrono Boost)  
  15  0:47  Assimilator  
  16  0:53  Probe  
  17  1:01  Pylon  
  17  1:05  Probe (Chrono Boost)  
  18  1:16  Probe (Chrono Boost)  
  19  1:21  Gateway  
  19  1:22  Probe (Chrono Boost)  
  20  1:29  Cybernetics Core  
  20  1:34  Probe (Chrono Boost)  
  20  1:39  Assimilator  
  21  1:46  Probe (Chrono Boost)  
  22  1:49  Pylon  
  22  1:53  Probe (Chrono Boost)  
  23  1:57  Zealot  
  25  2:04  Probe  
  25  2:07  Warp Gate (Chrono Boost)  
  26  2:12  Stalker  
  28  2:16  Probe  
  29  2:31  Gateway  
  29  2:33  Pylon  
  29  2:40  Stalker  
  31  2:46  Mothership Core  
  32  2:56  Gateway  
  32  3:09  Pylon  
  32  3:19  Probe  
  33  3:35  Probe  
  33  3:40  Nexus  
  34  3:51  Stalker x2  
  34  3:53  Sentry x2  
Show
View Real Time Build Order
Export as new Build Order

wabbajack Zerg - Winner!

Build Orders: Hatch First 

Get SALT Encoding   

  12  0:01  Drone  
  13  0:14  Overlord  
  13  0:19  Drone  
  14  0:23  Extractor  
  14  0:24  Drone  
  15  0:34  Drone  
  16  0:37  Drone  
  17  0:57  Hatchery  
  17  1:01  Drone  
  17  1:03  Extractor  
  17  1:04  Drone  
  17  1:09  Drone  
  18  1:23  Spawning Pool  
  17  1:26  Drone  
  18  1:35  Drone  
  19  1:42  Overlord  
  19  1:55  Drone  
  20  2:03  Drone  
  21  2:10  Metabolic Boost  
  21  2:11  Queen  
  21  2:12  Queen  
  25  2:16  Zergling x2  
  26  2:23  Drone  
  26  2:24  Drone  
  26  2:25  Drone  
  29  2:31  Drone  
  29  2:36  Drone  
  31  2:52  Pneumatized Carapace  
  31  2:59  Queen  
  31  3:00  Roach Warren  
  32  3:06  Drone x3  
  32  3:07  Drone  
  32  3:10  Extractor  
  32  3:12  Overlord x2  
  35  3:19  Drone  
  36  3:42  Roach x6  
  36  3:44  Overlord  
  36  3:47  Roach  
  50  3:50  Overlord  
  50  3:53  Roach  
Tags
 
Add a new tag
Caveats
  • Supply blocks, unpowered buildings, or Contaminate may cause inaccurate times.
  • Supply counts are checked every 10 seconds.